 Dungeon Crawl Stone Soup version 0.14.2 (webtiles) character file.

118 Amnesiac the Charlatan (level 3, -2/17 HPs)
             Began as a Spriggan Artificer on Feb 10, 2018.
             Slain by an orc
             ... wielding a +0,+0 flail
              (7 damage)
             ... on Level 3 of the Dungeon.
             The game lasted 00:01:51 (1705 turns).

Amnesiac the Charlatan (Spriggan Artificer)         Turns: 1705, Time: 00:01:51

HP  -2/17        AC  2     Str  8      XL: 3   Next: 23%
MP   8/8         EV 19     Int 13      God:
Gold 81          SH  0     Dex 16      Spells:  0 memorised,  2 levels left

rFire  . . .     SeeInvis +     a - +0 short sword
rCold  . . .     Clarity  .     e - +0 robe
rNeg   . . .     Conserve .     (shield restricted)
rPois  .         rCorr    .     (helmet restricted)
rElec  .         rRot     .     (no cloak)
SustAb . .       Spirit   .     (gloves unavailable)
rMut   .         Warding  .     (boots unavailable)
Saprov . . .     Stasis   .     (no amulet)
MR     .....                    (no ring)
                                (no ring)

@: very quick, not resistant to hostile enchantments, fairly stealthy
A: unfitting armour, see invisible, herbivore 3, speed 3, slow metabolism 2
a: no special abilities


You were on level 3 of the Dungeon.
You were not hungry.

You visited 1 branch of the dungeon, and saw 4 of its levels.

You collected 81 gold pieces.

Inventory:

Hand weapons
 a - a +0,+0 short sword (weapon)
Missiles
 j - 2 throwing nets (quivered)
 r - 20 sling bullets
 s - 25 stones
 u - 8 poisoned sling bullets
Armour
 e - a +0 robe (worn)
Magical devices
 b - a wand of flame (12)
 c - a wand of enslavement (15)
 d - a wand of random effects (15)
Comestibles
 k - a bread ration
Scrolls
 g - a scroll of enchant weapon I {!r, unknown}
 h - a scroll of fog {!r, unknown}
 m - a scroll of identify {!r, unknown}
 p - a scroll of fear {!r, unknown}
 t - a scroll of teleportation {!r, unknown}
Jewellery
 l - an uncursed ring of protection from cold {unknown}
Potions
 f - a potion of porridge {!q}
 i - a potion of paralysis {!q, unknown}
 n - a potion of curing {!q, unknown}
 o - 2 potions of heal wounds {!q, unknown}
 q - a potion of invisibility {!q, unknown}


   Skills:
 - Level 0.7 Fighting
 - Level 1.1 Short Blades
 + Level 4.3 Dodging
 - Level 1.5 Stealth
 * Level 5.1 Evocations


You had 2 spell levels left.
You didn't know any spells.

Dungeon Overview and Level Annotations

Branches:
Dungeon (4/15)
 Temple: D:4-7

Altars:


Innate Abilities, Weirdness & Mutations

You are tiny and cannot use many weapons and most armour.
You have supernaturally acute eyesight.
You are a herbivore.
You cover ground extremely quickly.
You need consume almost no food.


Message History

There is a stone staircase leading down here.
Evoke which item? (* to show all) (? for menu, Esc to quit)
Zapping:
b - a wand of flame (15)
Press: ? - help, Shift-Dir - straight line, f - orc
Aim: an orc, wielding a mace and wearing a ring mail (lightly wounded)
The puff of flame hits the orc.
The orc is moderately wounded.
This wand has 14 charges left.
Evoke which item? (* to show all) (? for menu, Esc to quit)
Zapping:
b - a wand of flame (14)
Press: ? - help, Shift-Dir - straight line, f/p - orc
Aim: an orc, wielding a mace and wearing a ring mail (lightly wounded)
The puff of flame hits the orc.
The orc is severely wounded.
This wand has 13 charges left.
Evoke which item? (* to show all) (? for menu, Esc to quit)
Zapping:
b - a wand of flame (13)
Press: ? - help, Shift-Dir - straight line, f/p - orc
Aim: an orc, wielding a mace and wearing a ring mail (severely wounded)
The puff of flame hits the orc.
You kill the orc!
This wand has 12 charges left.
Things that are here:
a mace; a ring mail You start resting.
You start resting.
You start resting.
HP restored.
You open the door.
There is an open door here.
A goblin comes into view.
The goblin shouts!
A goblin is nearby!
A goblin is nearby!
The goblin hits you.
You hit the goblin.
The goblin is heavily wounded.
The goblin closely misses you.
You hit the goblin.
You kill the goblin!
No target in view! 2 orcs come into view.
The orc shouts!
An orc comes into view. It is wielding a glowing short sword.
The orc shouts!
There are monsters nearby!
An orc comes into view. It is wielding a dagger.
There are monsters nearby!
The orc shouts! x2
The orc hits you with a club.
You hit the orc but do no damage. You hit the orc.
The orc is moderately wounded.
You hit the orc but do no damage.
The orc is moderately wounded.
The orc misses you.
You hit the orc but do no damage.
The orc is moderately wounded.
The orc hits you with a flail!
* * * LOW HITPOINT WARNING * * *
You completely miss the orc.
The orc is moderately wounded.
The orc hits you with a flail!
You die...

#......# #...'...%.....
#......###.###.........
............+....>....
####..###.###.........
#......# #.........
##.##### ###+#+#+## #.#
#.# #@# #o# #o# #o# #o#
#.. ###


You could see 4 orcs.

Vanquished Creatures
  2 giant geckos (D:1)
  An orc (D:3)
  6 bats
  A giant cockroach (D:1)
  7 goblins
  5 jackals (D:1)
  4 kobolds (D:1)
  A giant newt (D:1)
  5 rats (D:1)
32 creatures vanquished.

Notes
Turn   | Place    | Note
--------------------------------------------------------------
     0 | D:1      | Amnesiac, the Spriggan Artificer, began the quest for the Orb.
     0 | D:1      | Reached XP level 1. HP: 9/9 MP: 2/2
   243 | D:1      | Reached XP level 2. HP: 14/14 MP: 5/5
   917 | D:1      | Reached skill level 5 in Evocations
  1016 | D:1      | Reached XP level 3. HP: 13/17 MP: 8/8
  1705 | D:3      | Slain by an orc

Action                   || total
-------------------------++-------
Melee: Short sword       ||   141
Evoke: Wand              ||     3
 Stab: Sleeping          ||     1
